Predators vs Flames

Created - February 8 2008 at 18:47

Goals
1 2 3 T
Predators 4 1 1 6
Flames 0 4 1 5
Shots
1 2 3 T
Predators 17 14 5 36
Flames 8 11 8 27

Period #1

1. Predators , Robert Lang 20 (Justin Williams) at 0:41 (PP)
2. Predators , Jeff Carter 7 (Zbynek Michalek, Craig Rivet) at 9:51
3. Predators , Jeff Carter 8 (Craig Rivet) at 14:59
4. Predators , Tomas Kaberle 7 (Scott Hartnell, Paul Kariya) at 19:07 (PP)

Penalties :
Dion Phaneuf (CGY) for Roughing (Minor) at 0:11, Rhett Warrener (CGY) for Hooking (Minor) at 0:56, Bill Guerin (CGY) for Hooking (Minor) at 4:45, Mike Johnson (CGY) for High sticking (Minor) at 17:02, Roman Hamrlik (CGY) for Cross-checking (Minor) at 18:50

Period #2

5. Flames , Bill Guerin 23 (Kristian Huselius) at 0:59
6. Flames , Alex Tanguay 14 (Daymond Langkow, Jarome Iginla) at 8:20 (PP)
7. Flames , Derek Armstrong 9 (Jussi Jokinen, Andrew Ference) at 12:22
8. Flames , Marek Svatos 11 (Derek Armstrong) at 14:10
9. Predators , Todd Bertuzzi 5 (Craig Rivet, Zbynek Michalek) at 17:20

Penalties :
Derek Armstrong (CGY) for Slashing (Minor) at 1:07, Derek Morris (NSH) for Slashing (Minor) at 4:29, Paul Kariya (NSH) for Roughing (Minor) at 6:29, Derek Armstrong (CGY) for Cross-checking (Minor) at 8:22, Steve Sullivan (NSH) for High sticking (Minor) at 17:28

Period #3

10. Flames , Matthew Lombardi 13 (Robyn Regehr, Kristian Huselius) at 2:27
11. Predators , Patrick Eaves 5 (Derek Morris, Tomas Kaberle) at 16:41

Penalties :
Jeff Carter (NSH) for Hooking (Minor) at 5:04, Dion Phaneuf (CGY) for Holding Stick (Minor) at 6:36, Andrew Ference (CGY) for Hooking (Minor) at 6:58

Goalie Stats

Chris Mason (NSH), 12 saves from 13 shots - (0.923), W, 5-6-1, 25:50 minutes
Tomas Vokoun (NSH), 10 saves from 14 shots - (0.714), 34:10 minutes
Miikka Kiprusoff (CGY), 30 saves from 36 shots - (0.833), L, 29-17-1, 59:17 minutes

Players Stats

Predators
Player Name              G  A  P  +/- PIM S  H  SB FO MP 
-----------------------------------------------------------
Craig Rivet              0  3  3   1  0   2  0  1  0  19 
David Legwand            0  0  0  -1  0   4  0  2  30 18 
Derek Morris             0  1  1  -1  2   0  2  1  0  24 
Jeff Carter              2  0  2   1  2   4  0  0  19 15 
Jordin Tootoo            0  0  0   0  0   0  0  0  1  3  
Justin Williams          0  1  1   0  0   4  2  1  3  25 
Martin Erat              0  0  0   1  0   2  2  0  2  24 
Patrick Eaves            1  0  1   0  0   1  1  0  2  10 
Paul Kariya              0  1  1  -1  2   3  1  0  1  20 
Robert Lang              1  0  1   0  0   4  1  0  18 19 
Ryan Suter               0  0  0   0  0   2  0  0  0  18 
Scott Hartnell           0  1  1  -1  0   1  2  0  1  13 
Shea Weber               0  0  0   0  0   2  3  0  0  22 
Steve Sullivan           0  0  0   0  2   1  0  0  2  12 
Todd Bertuzzi            1  0  1   1  0   2  0  0  2  15 
Tomas Kaberle            1  1  2  -1  0   4  0  2  0  24 
Vernon Fiddler           0  0  0   0  0   0  0  0  18 10 
Zbynek Michalek          0  2  2   1  0   0  2  2  0  20 
Flames
Player Name              G  A  P  +/- PIM S  H  SB FO MP 
-----------------------------------------------------------
Alex Tanguay             1  0  1  -1  0   5  0  0  1  14 
Andrew Ference           0  1  1   0  2   1  2  3  0  18 
Bill Guerin              1  0  1   2  2   3  3  0  1  16 
Daymond Langkow          0  1  1  -1  0   2  1  0  28 19 
Derek Armstrong          1  1  2   0  4   4  1  0  21 17 
Dion Phaneuf             0  0  0  -2  4   1  4  0  0  23 
Jarome Iginla            0  1  1  -1  0   2  1  1  3  15 
Jaroslav Modry           0  0  0   2  0   0  0  0  0  22 
Jussi Jokinen            0  1  1   0  0   1  0  0  0  16 
Kristian Huselius        0  2  2   2  0   5  0  0  1  16 
Marcus Nilson            0  0  0  -1  0   0  0  1  2  10 
Marek Svatos             1  0  1   0  0   1  1  0  0  16 
Matthew Lombardi         1  0  1   2  0   2  1  0  22 17 
Mike Johnson             0  0  0  -1  2   0  1  0  2  10 
Rhett Warrener           0  0  0   0  2   0  1  0  0  17 
Robyn Regehr             0  1  1   2  0   0  1  2  0  22 
Roman Hamrlik            0  0  0  -2  2   0  1  4  0  23 
Stephane Yelle           0  0  0  -1  0   0  1  1  18 12 

3 Stars

1 - Jeff Carter (NSH)
2 - Bill Guerin (CGY)
3 - Craig Rivet (NSH)

Power Play

Predators - 2 on 9 Attempt(s) - 22.22%
Flames - 1 on 4 Attempt(s) - 25.00%

Penalty Kill

Predators - 3 on 4 Attempt(s) - 75.00% - Score 0 goal in Penalty Kill
Flames - 7 on 9 Attempt(s) - 77.78% - Score 0 goal in Penalty Kill

Game Notes

Chris Mason enters game at 14:10 of 2nd period
Scott Hartnell is injured at 16:36 of 2nd period (Bruised Right Leg)

Finance

Level 1 -- Attendance: 5488 (84.43%) -- Ticket Income $493,920.00
Level 2 -- Attendance: 5046 (91.75%) -- Ticket Income $277,530.00
Level 3 -- Attendance: 1794 (64.42%) -- Ticket Income $53,820.00
Level 4 -- Attendance: 4000 (100.00%) -- Ticket Income $80,000.00
Luxury Box -- Attendance: 973 (77.84%) -- Ticket Income $116,760.00
Game was played at the Pengrowth Saddledome
Total Attendance: 17301 (86.35%)
Total Ticket Income: $1,092,461.00
Other Income: $164,677.80
Total Income: $1,257,139.00


Play by Play

Period #1

0:01 of 1st period - David Legwand wins face-off versus Jarome Iginla in neutral zone.
0:03 of 1st period - Tomas Kaberle is hit by Dion Phaneuf and loses puck.
0:11 of 1st period - Minor Penalty to Dion Phaneuf for Roughing.
0:12 of 1st period - Robert Lang wins face-off versus Daymond Langkow in Flames zone.
0:41 of 1st period - Shot by Robert Lang.
0:41 of 1st period - Goal by Robert Lang - Predators : 1 - Flames : 0.
0:42 of 1st period - Derek Armstrong wins face-off versus Todd Bertuzzi in neutral zone.
0:56 of 1st period - Minor Penalty to Rhett Warrener for Hooking.
0:57 of 1st period - Mike Johnson wins face-off versus David Legwand in Flames zone.
1:06 of 1st period - Shot by David Legwand.
1:06 of 1st period - Shot Misses the Net.
1:08 of 1st period - Shot by Shea Weber.
1:08 of 1st period - Shot Misses the Net.
1:10 of 1st period - Shot by David Legwand.
1:10 of 1st period - Stopped by Miikka Kiprusoff without a rebound.
1:11 of 1st period - Daymond Langkow wins face-off versus Robert Lang in Flames zone.
1:32 of 1st period - Shot by Robert Lang.
1:32 of 1st period - Stopped by Miikka Kiprusoff without a rebound.
1:33 of 1st period - David Legwand wins face-off versus Stephane Yelle in Flames zone.
1:48 of 1st period - Icing by Shea Weber.
1:49 of 1st period - David Legwand wins face-off versus Stephane Yelle in Predators zone.
1:51 of 1st period - Icing by Paul Kariya.
1:52 of 1st period - Daymond Langkow wins face-off versus David Legwand in Predators zone.
1:56 of 1st period - Icing by Tomas Kaberle.
1:57 of 1st period - Stephane Yelle wins face-off versus David Legwand in Predators zone.
2:04 of 1st period - Shot by Mike Johnson.
2:04 of 1st period - Shot Blocked by Tomas Kaberle.
2:42 of 1st period - Marcus Nilson is hit by Scott Hartnell and loses puck.
3:01 of 1st period - Shot by Jeff Carter.
3:01 of 1st period - Shot Misses the Net.
3:24 of 1st period - Jussi Jokinen is hit by Zbynek Michalek and loses puck.
4:02 of 1st period - Shot by Justin Williams.
4:02 of 1st period - Stopped by Miikka Kiprusoff without a rebound.
4:03 of 1st period - Vernon Fiddler wins face-off versus Daymond Langkow in Flames zone.
4:06 of 1st period - Shot by Justin Williams.
4:06 of 1st period - Shot Misses the Net.
4:20 of 1st period - Shot by Daymond Langkow.
4:20 of 1st period - Stopped by Tomas Vokoun without a rebound.
4:21 of 1st period - Robert Lang wins face-off versus Matthew Lombardi in Predators zone.
4:42 of 1st period - Shot by Matthew Lombardi.
4:42 of 1st period - Shot Misses the Net.
4:45 of 1st period - Minor Penalty to Bill Guerin for Hooking.
4:46 of 1st period - Stephane Yelle wins face-off versus David Legwand in neutral zone.
4:55 of 1st period - Shot by Tomas Kaberle.
4:55 of 1st period - Shot Misses the Net.
4:57 of 1st period - Shot by Scott Hartnell.
4:57 of 1st period - Shot Misses the Net.
4:59 of 1st period - Shot by Tomas Kaberle.
4:59 of 1st period - Shot Blocked by Roman Hamrlik.
5:17 of 1st period - Shot by Paul Kariya.
5:17 of 1st period - Stopped by Miikka Kiprusoff with a rebound.
6:05 of 1st period - Shot by Martin Erat.
6:05 of 1st period - Shot Misses the Net.
6:07 of 1st period - Shot by Justin Williams.
6:07 of 1st period - Shot Blocked by Roman Hamrlik.
6:09 of 1st period - Shot by Robert Lang.
6:09 of 1st period - Shot Misses the Net.
6:11 of 1st period - Shot by Ryan Suter.
6:11 of 1st period - Stopped by Miikka Kiprusoff without a rebound.
6:12 of 1st period - Daymond Langkow wins face-off versus David Legwand in Flames zone.
6:18 of 1st period - Icing by David Legwand.
6:19 of 1st period - Scott Hartnell wins face-off versus Daymond Langkow in Predators zone.
6:34 of 1st period - Shot by Shea Weber.
6:34 of 1st period - Stopped by Miikka Kiprusoff without a rebound.
6:35 of 1st period - Robert Lang wins face-off versus Daymond Langkow in Flames zone.
6:51 of 1st period - Icing by Andrew Ference.
6:52 of 1st period - Todd Bertuzzi wins face-off versus Derek Armstrong in Flames zone.
7:14 of 1st period - Jeff Carter is hit by Andrew Ference.
8:07 of 1st period - Shot by Alex Tanguay.
8:07 of 1st period - Stopped by Tomas Vokoun without a rebound.
8:08 of 1st period - Matthew Lombardi wins face-off versus Robert Lang in Predators zone.
8:29 of 1st period - Bill Guerin is hit by Justin Williams.
9:19 of 1st period - Shot by Dion Phaneuf.
9:19 of 1st period - Shot Hit the Post.
9:21 of 1st period - Shot by Alex Tanguay.
9:21 of 1st period - Stopped by Tomas Vokoun without a rebound.
9:22 of 1st period - Jeff Carter wins face-off versus Derek Armstrong in Predators zone.
9:29 of 1st period - Shot by Jussi Jokinen.
9:29 of 1st period - Stopped by Tomas Vokoun without a rebound.
9:30 of 1st period - Jeff Carter wins face-off versus Marcus Nilson in Predators zone.
9:45 of 1st period - Shot by Zbynek Michalek.
9:45 of 1st period - Shot Blocked by Roman Hamrlik.
9:47 of 1st period - Shot by Craig Rivet.
9:47 of 1st period - Shot Misses the Net.
9:51 of 1st period - Shot by Jeff Carter.
9:51 of 1st period - Goal by Jeff Carter - Predators : 2 - Flames : 0.
9:52 of 1st period - David Legwand wins face-off versus Derek Armstrong in neutral zone.
10:32 of 1st period - Shot by Jussi Jokinen.
10:32 of 1st period - Shot Misses the Net.
10:36 of 1st period - Shot by Jussi Jokinen.
10:36 of 1st period - Shot Blocked by Derek Morris.
10:56 of 1st period - Shot by Martin Erat.
10:56 of 1st period - Shot Misses the Net.
11:00 of 1st period - Shot by Jeff Carter.
11:00 of 1st period - Stopped by Miikka Kiprusoff with a rebound.
11:02 of 1st period - Shot by Craig Rivet.
11:02 of 1st period - Stopped by Miikka Kiprusoff with a rebound.
11:06 of 1st period - Shot by Martin Erat.
11:06 of 1st period - Shot Misses the Net.
11:10 of 1st period - Shot by Jeff Carter.
11:10 of 1st period - Shot Misses the Net.
11:22 of 1st period - Shot by Martin Erat.
11:22 of 1st period - Stopped by Miikka Kiprusoff without a rebound.
11:23 of 1st period - Matthew Lombardi wins face-off versus Robert Lang in Flames zone.
11:23 of 1st period - Matthew Lombardi is hit by Justin Williams.
11:37 of 1st period - Shot by Kristian Huselius.
11:37 of 1st period - Stopped by Tomas Vokoun without a rebound.
11:38 of 1st period - Stephane Yelle wins face-off versus Robert Lang in Predators zone.
11:50 of 1st period - Shot by Mike Johnson.
11:50 of 1st period - Shot Misses the Net.
13:33 of 1st period - Shot by Jussi Jokinen.
13:33 of 1st period - Shot Misses the Net.
13:35 of 1st period - Shot by Jussi Jokinen.
13:35 of 1st period - Shot Blocked by Craig Rivet.
13:37 of 1st period - Shot by Andrew Ference.
13:37 of 1st period - Stopped by Tomas Vokoun without a rebound.
13:38 of 1st period - Daymond Langkow wins face-off versus Jeff Carter in Predators zone.
13:41 of 1st period - Shot by Alex Tanguay.
13:41 of 1st period - Shot Misses the Net.
13:55 of 1st period - Shot by Craig Rivet.
13:55 of 1st period - Stopped by Miikka Kiprusoff without a rebound.
13:56 of 1st period - Vernon Fiddler wins face-off versus Derek Armstrong in Flames zone.
14:07 of 1st period - Shot by Patrick Eaves.
14:07 of 1st period - Shot Misses the Net.
14:59 of 1st period - Shot by Jeff Carter.
14:59 of 1st period - Goal by Jeff Carter - Predators : 3 - Flames : 0.
15:00 of 1st period - Jeff Carter wins face-off versus Matthew Lombardi in neutral zone.
15:00 of 1st period - Jeff Carter is hit by Bill Guerin.
15:03 of 1st period - Martin Erat is hit by Bill Guerin and loses puck.
15:09 of 1st period - Icing by Zbynek Michalek.
15:10 of 1st period - Jeff Carter wins face-off versus Matthew Lombardi in Predators zone.
16:09 of 1st period - Shot by Steve Sullivan.
16:09 of 1st period - Shot Blocked by Robyn Regehr.
16:28 of 1st period - Icing by Roman Hamrlik.
16:29 of 1st period - David Legwand wins face-off versus Daymond Langkow in Flames zone.
16:29 of 1st period - Paul Kariya is hit by Dion Phaneuf and loses puck.
16:38 of 1st period - Shot by Jarome Iginla.
16:38 of 1st period - Stopped by Tomas Vokoun without a rebound.
16:39 of 1st period - Derek Armstrong wins face-off versus David Legwand in Predators zone.
16:50 of 1st period - Shot by Jussi Jokinen.
16:50 of 1st period - Deflect By Derek Armstrong.
16:50 of 1st period - Stopped by Tomas Vokoun with a rebound.
16:53 of 1st period - Icing by Derek Morris.
16:54 of 1st period - Stephane Yelle wins face-off versus David Legwand in Predators zone.
17:02 of 1st period - Minor Penalty to Mike Johnson for High sticking.
17:03 of 1st period - Martin Erat wins face-off versus Stephane Yelle in Predators zone.
17:03 of 1st period - Martin Erat is hit by Stephane Yelle.
17:16 of 1st period - Shot by Martin Erat.
17:16 of 1st period - Shot Hit the Post.
17:27 of 1st period - Off-side.
17:28 of 1st period - Stephane Yelle wins face-off versus David Legwand in neutral zone.
17:31 of 1st period - Shea Weber is hit by Jarome Iginla and loses puck.
17:48 of 1st period - Shot by Tomas Kaberle.
17:48 of 1st period - Stopped by Miikka Kiprusoff without a rebound.
17:49 of 1st period - Daymond Langkow wins face-off versus Robert Lang in Flames zone.
18:13 of 1st period - Shot by Ryan Suter.
18:13 of 1st period - Stopped by Miikka Kiprusoff with a rebound.
18:36 of 1st period - Shot by Scott Hartnell.
18:36 of 1st period - Shot Misses the Net.
18:38 of 1st period - Shot by David Legwand.
18:38 of 1st period - Shot Blocked by Robyn Regehr.
18:42 of 1st period - Shot by David Legwand.
18:42 of 1st period - Shot Blocked by Marcus Nilson.
18:46 of 1st period - Shot by Scott Hartnell.
18:46 of 1st period - Stopped by Miikka Kiprusoff without a rebound.
18:47 of 1st period - David Legwand wins face-off versus Stephane Yelle in Flames zone.
18:49 of 1st period - Scott Hartnell is hit by Dion Phaneuf and loses puck.
18:50 of 1st period - Minor Penalty to Roman Hamrlik for Cross-checking.
18:51 of 1st period - David Legwand wins face-off versus Stephane Yelle in Flames zone.
19:01 of 1st period - Shot by Paul Kariya.
19:01 of 1st period - Shot Misses the Net.
19:05 of 1st period - Shot by Tomas Kaberle.
19:05 of 1st period - Shot Blocked by Stephane Yelle.
19:07 of 1st period - Shot by Tomas Kaberle.
19:07 of 1st period - Goal by Tomas Kaberle - Predators : 4 - Flames : 0.
19:08 of 1st period - Derek Armstrong wins face-off versus Jeff Carter in neutral zone.
19:17 of 1st period - Shot by Andrew Ference.
19:17 of 1st period - Shot Blocked by Zbynek Michalek.

Period #2

0:01 of 2nd period - David Legwand wins face-off versus Daymond Langkow in neutral zone.
0:26 of 2nd period - Icing by Roman Hamrlik.
0:27 of 2nd period - Daymond Langkow wins face-off versus Robert Lang in Flames zone.
0:31 of 2nd period - Off-side.
0:32 of 2nd period - Jeff Carter wins face-off versus Matthew Lombardi in neutral zone.
0:59 of 2nd period - Shot by Bill Guerin.
0:59 of 2nd period - Goal by Bill Guerin - Predators : 4 - Flames : 1.
1:00 of 2nd period - Derek Armstrong wins face-off versus David Legwand in neutral zone.
1:03 of 2nd period - Scott Hartnell is hit by Derek Armstrong and loses puck.
1:07 of 2nd period - Minor Penalty to Derek Armstrong for Slashing.
1:08 of 2nd period - Stephane Yelle wins face-off versus David Legwand in Predators zone.
1:31 of 2nd period - Shot by Shea Weber.
1:31 of 2nd period - Stopped by Miikka Kiprusoff without a rebound.
1:32 of 2nd period - Daymond Langkow wins face-off versus Robert Lang in Flames zone.
1:45 of 2nd period - Shot by Ryan Suter.
1:45 of 2nd period - Shot Hit the Post.
1:47 of 2nd period - Shot by Martin Erat.
1:47 of 2nd period - Stopped by Miikka Kiprusoff without a rebound.
1:48 of 2nd period - Stephane Yelle wins face-off versus David Legwand in Flames zone.
1:48 of 2nd period - Stephane Yelle is hit by Scott Hartnell.
2:31 of 2nd period - Icing by Tomas Kaberle.
2:32 of 2nd period - Daymond Langkow wins face-off versus David Legwand in Predators zone.
3:21 of 2nd period - Shot by Martin Erat.
3:21 of 2nd period - Shot Misses the Net.
3:51 of 2nd period - Icing by Andrew Ference.
3:52 of 2nd period - Robert Lang wins face-off versus Derek Armstrong in Flames zone.
4:09 of 2nd period - Shot by Steve Sullivan.
4:09 of 2nd period - Stopped by Miikka Kiprusoff without a rebound.
4:10 of 2nd period - Vernon Fiddler wins face-off versus Matthew Lombardi in Flames zone.
4:29 of 2nd period - Minor Penalty to Derek Morris for Slashing.
4:30 of 2nd period - Vernon Fiddler wins face-off versus Daymond Langkow in Predators zone.
5:26 of 2nd period - Bill Guerin is hit by Martin Erat and loses puck.
6:29 of 2nd period - Minor Penalty to Paul Kariya for Roughing.
6:30 of 2nd period - Matthew Lombardi wins face-off versus Vernon Fiddler in neutral zone.
6:32 of 2nd period - Off-side.
6:33 of 2nd period - Matthew Lombardi wins face-off versus Vernon Fiddler in neutral zone.
6:42 of 2nd period - Shot by Bill Guerin.
6:42 of 2nd period - Stopped by Tomas Vokoun without a rebound.
6:43 of 2nd period - Vernon Fiddler wins face-off versus Daymond Langkow in Predators zone.
8:16 of 2nd period - Shot by Jarome Iginla.
8:16 of 2nd period - Shot Misses the Net.
8:18 of 2nd period - Shot by Daymond Langkow.
8:18 of 2nd period - Shot Blocked by Tomas Kaberle.
8:20 of 2nd period - Shot by Alex Tanguay.
8:20 of 2nd period - Goal by Alex Tanguay - Predators : 4 - Flames : 2.
8:21 of 2nd period - Steve Sullivan wins face-off versus Derek Armstrong in neutral zone.
8:21 of 2nd period - Shea Weber is hit by Marek Svatos and loses puck.
8:22 of 2nd period - Minor Penalty to Derek Armstrong for Cross-checking.
8:23 of 2nd period - David Legwand wins face-off versus Stephane Yelle in neutral zone.
9:16 of 2nd period - Marcus Nilson is hit by Robert Lang and loses puck.
9:31 of 2nd period - Shot by Derek Morris.
9:31 of 2nd period - Shot Blocked by Andrew Ference.
9:35 of 2nd period - Shot by Ryan Suter.
9:35 of 2nd period - Shot Hit the Post.
9:37 of 2nd period - Shot by Derek Morris.
9:37 of 2nd period - Shot Misses the Net.
9:39 of 2nd period - Shot by Justin Williams.
9:39 of 2nd period - Deflect By Robert Lang.
9:39 of 2nd period - Stopped by Miikka Kiprusoff without a rebound.
9:40 of 2nd period - Robert Lang wins face-off versus Daymond Langkow in Flames zone.
9:51 of 2nd period - Shot by Robert Lang.
9:51 of 2nd period - Stopped by Miikka Kiprusoff without a rebound.
9:52 of 2nd period - Stephane Yelle wins face-off versus David Legwand in Flames zone.
10:01 of 2nd period - Shot by Tomas Kaberle.
10:01 of 2nd period - Shot Misses the Net.
10:38 of 2nd period - Icing by Craig Rivet.
10:39 of 2nd period - Jeff Carter wins face-off versus Matthew Lombardi in Predators zone.
10:50 of 2nd period - Shot by Bill Guerin.
10:50 of 2nd period - Shot Misses the Net.
12:10 of 2nd period - Shot by Marek Svatos.
12:10 of 2nd period - Deflect By Derek Armstrong.
12:10 of 2nd period - Shot Misses the Net.
12:14 of 2nd period - Shot by Marek Svatos.
12:14 of 2nd period - Shot Blocked by David Legwand.
12:16 of 2nd period - Shot by Marek Svatos.
12:16 of 2nd period - Shot Misses the Net.
12:20 of 2nd period - Shot by Jussi Jokinen.
12:20 of 2nd period - Shot Blocked by David Legwand.
12:22 of 2nd period - Shot by Derek Armstrong.
12:22 of 2nd period - Goal by Derek Armstrong - Predators : 4 - Flames : 3.
12:23 of 2nd period - Daymond Langkow wins face-off versus Jeff Carter in neutral zone.
12:32 of 2nd period - Shot by Jarome Iginla.
12:32 of 2nd period - Shot Blocked by Zbynek Michalek.
12:34 of 2nd period - Shot by Jarome Iginla.
12:34 of 2nd period - Deflect By Alex Tanguay.
12:34 of 2nd period - Stopped by Tomas Vokoun without a rebound.
12:35 of 2nd period - Stephane Yelle wins face-off versus Vernon Fiddler in Predators zone.
12:39 of 2nd period - Icing by Tomas Kaberle.
12:40 of 2nd period - Daymond Langkow wins face-off versus Vernon Fiddler in Predators zone.
13:09 of 2nd period - Shot by Justin Williams.
13:09 of 2nd period - Stopped by Miikka Kiprusoff with a rebound.
13:55 of 2nd period - Martin Erat is hit by Rhett Warrener and loses puck.
14:01 of 2nd period - Andrew Ference is hit by Zbynek Michalek and loses puck.
14:10 of 2nd period - Shot by Marek Svatos.
14:10 of 2nd period - Goal by Marek Svatos - Predators : 4 - Flames : 4.
14:10 of 2nd period - Chris Mason enters game.
14:11 of 2nd period - Robert Lang wins face-off versus Matthew Lombardi in neutral zone.
14:51 of 2nd period - Shot by Kristian Huselius.
14:51 of 2nd period - Shot Blocked by Justin Williams.
14:57 of 2nd period - Shot by Matthew Lombardi.
14:57 of 2nd period - Stopped by Chris Mason with a rebound.
15:21 of 2nd period - Shot by Derek Armstrong.
15:21 of 2nd period - Stopped by Chris Mason with a rebound.
15:23 of 2nd period - Shot by Marek Svatos.
15:23 of 2nd period - Deflect By Jussi Jokinen.
15:23 of 2nd period - Shot Misses the Net.
15:25 of 2nd period - Shot by Derek Armstrong.
15:25 of 2nd period - Stopped by Chris Mason without a rebound.
15:26 of 2nd period - David Legwand wins face-off versus Stephane Yelle in Predators zone.
15:26 of 2nd period - David Legwand is hit by Mike Johnson.
15:40 of 2nd period - Shot by Tomas Kaberle.
15:40 of 2nd period - Stopped by Miikka Kiprusoff with a rebound.
15:42 of 2nd period - Shot by Tomas Kaberle.
15:42 of 2nd period - Shot Misses the Net.
15:44 of 2nd period - Shot by David Legwand.
15:44 of 2nd period - Stopped by Miikka Kiprusoff without a rebound.
15:45 of 2nd period - Derek Armstrong wins face-off versus Jeff Carter in Flames zone.
15:56 of 2nd period - Shot by Todd Bertuzzi.
15:56 of 2nd period - Shot Misses the Net.
16:09 of 2nd period - Off-side.
16:10 of 2nd period - David Legwand wins face-off versus Matthew Lombardi in neutral zone.
16:10 of 2nd period - David Legwand is hit by Bill Guerin.
16:26 of 2nd period - Shot by Paul Kariya.
16:26 of 2nd period - Stopped by Miikka Kiprusoff with a rebound.
16:28 of 2nd period - Shot by David Legwand.
16:28 of 2nd period - Shot Misses the Net.
16:30 of 2nd period - Shot by Paul Kariya.
16:30 of 2nd period - Stopped by Miikka Kiprusoff with a rebound.
16:35 of 2nd period - Scott Hartnell is hit by Robyn Regehr.
16:36 of 2nd period - Scott Hartnell from Predators is injured at 16:36 of 2nd period (Bruised Right Leg).
16:37 of 2nd period - Robert Lang wins face-off versus Daymond Langkow in Flames zone.
16:52 of 2nd period - Shot by Jarome Iginla.
16:52 of 2nd period - Deflect By Daymond Langkow.
16:52 of 2nd period - Stopped by Chris Mason without a rebound.
16:53 of 2nd period - Jeff Carter wins face-off versus Derek Armstrong in Predators zone.
17:13 of 2nd period - Jeff Carter is hit by Andrew Ference and loses puck.
17:20 of 2nd period - Shot by Todd Bertuzzi.
17:20 of 2nd period - Goal by Todd Bertuzzi - Predators : 5 - Flames : 4.
17:21 of 2nd period - Justin Williams wins face-off versus Daymond Langkow in neutral zone.
17:28 of 2nd period - Minor Penalty to Steve Sullivan for High sticking.
17:29 of 2nd period - Matthew Lombardi wins face-off versus Vernon Fiddler in Flames zone.
17:29 of 2nd period - Matthew Lombardi is hit by Shea Weber.
17:34 of 2nd period - Icing by Kristian Huselius.
17:35 of 2nd period - Matthew Lombardi wins face-off versus Patrick Eaves in Flames zone.
18:47 of 2nd period - Shot by Dion Phaneuf.
18:47 of 2nd period - Stopped by Chris Mason without a rebound.
18:48 of 2nd period - Daymond Langkow wins face-off versus Vernon Fiddler in Predators zone.
19:39 of 2nd period - Shot by Paul Kariya.
19:39 of 2nd period - Shot Misses the Net.
19:43 of 2nd period - Shot by David Legwand.
19:43 of 2nd period - Shot Blocked by Andrew Ference.
19:45 of 2nd period - Shot by Tomas Kaberle.
19:45 of 2nd period - Stopped by Miikka Kiprusoff with a rebound.
19:47 of 2nd period - Shot by David Legwand.
19:47 of 2nd period - Stopped by Miikka Kiprusoff with a rebound.
19:51 of 2nd period - Shot by David Legwand.
19:51 of 2nd period - Stopped by Miikka Kiprusoff without a rebound.
19:52 of 2nd period - Jeff Carter wins face-off versus Matthew Lombardi in Flames zone.

Period #3

0:01 of 3rd period - David Legwand wins face-off versus Daymond Langkow in neutral zone.
0:17 of 3rd period - Paul Kariya is hit by Roman Hamrlik and loses puck.
0:29 of 3rd period - Paul Kariya is hit by Dion Phaneuf and loses puck.
0:34 of 3rd period - Shot by Justin Williams.
0:34 of 3rd period - Stopped by Miikka Kiprusoff without a rebound.
0:35 of 3rd period - Matthew Lombardi wins face-off versus Jeff Carter in Flames zone.
1:12 of 3rd period - Off-side.
1:13 of 3rd period - Steve Sullivan wins face-off versus Derek Armstrong in neutral zone.
1:41 of 3rd period - Off-side.
1:42 of 3rd period - David Legwand wins face-off versus Daymond Langkow in neutral zone.
1:47 of 3rd period - Daymond Langkow is hit by Paul Kariya and loses puck.
1:57 of 3rd period - Off-side.
1:58 of 3rd period - Vernon Fiddler wins face-off versus Matthew Lombardi in neutral zone.
2:10 of 3rd period - Robyn Regehr is hit by Patrick Eaves and loses puck.
2:14 of 3rd period - Robyn Regehr is hit by Derek Morris and loses puck.
2:23 of 3rd period - Shot by Kristian Huselius.
2:23 of 3rd period - Stopped by Chris Mason with a rebound.
2:27 of 3rd period - Shot by Matthew Lombardi.
2:27 of 3rd period - Goal by Matthew Lombardi - Predators : 5 - Flames : 5.
2:28 of 3rd period - Daymond Langkow wins face-off versus Jeff Carter in neutral zone.
2:45 of 3rd period - Shot by Jarome Iginla.
2:45 of 3rd period - Stopped by Chris Mason without a rebound.
2:46 of 3rd period - Robert Lang wins face-off versus Derek Armstrong in Predators zone.
2:56 of 3rd period - Icing by Andrew Ference.
2:57 of 3rd period - David Legwand wins face-off versus Derek Armstrong in Flames zone.
4:06 of 3rd period - Shot by Robert Lang.
4:06 of 3rd period - Deflect By Steve Sullivan.
4:06 of 3rd period - Shot Blocked by Jarome Iginla.
4:08 of 3rd period - Shot by Shea Weber.
4:08 of 3rd period - Shot Blocked by Roman Hamrlik.
4:17 of 3rd period - Icing by Roman Hamrlik.
4:18 of 3rd period - Jeff Carter wins face-off versus Alex Tanguay in Flames zone.
4:27 of 3rd period - Shot by Todd Bertuzzi.
4:27 of 3rd period - Stopped by Miikka Kiprusoff without a rebound.
4:28 of 3rd period - Matthew Lombardi wins face-off versus Jeff Carter in Flames zone.
4:30 of 3rd period - Icing by Kristian Huselius.
4:31 of 3rd period - Robert Lang wins face-off versus Matthew Lombardi in Flames zone.
4:53 of 3rd period - Shot by Kristian Huselius.
4:53 of 3rd period - Stopped by Chris Mason without a rebound.
4:54 of 3rd period - Jeff Carter wins face-off versus Derek Armstrong in Predators zone.
5:04 of 3rd period - Minor Penalty to Jeff Carter for Hooking.
5:05 of 3rd period - Daymond Langkow wins face-off versus Vernon Fiddler in Flames zone.
5:07 of 3rd period - Icing by Alex Tanguay.
5:08 of 3rd period - Daymond Langkow wins face-off versus Vernon Fiddler in Flames zone.
5:31 of 3rd period - Shot by Alex Tanguay.
5:31 of 3rd period - Stopped by Chris Mason without a rebound.
5:32 of 3rd period - Vernon Fiddler wins face-off versus Kristian Huselius in Predators zone.
6:19 of 3rd period - Icing by Jaroslav Modry.
6:20 of 3rd period - Justin Williams wins face-off versus Matthew Lombardi in Flames zone.
6:36 of 3rd period - Minor Penalty to Dion Phaneuf for Holding Stick.
6:37 of 3rd period - Paul Kariya wins face-off versus Jarome Iginla in Predators zone.
6:37 of 3rd period - Paul Kariya is hit by Daymond Langkow.
6:53 of 3rd period - Shot by Justin Williams.
6:53 of 3rd period - Stopped by Miikka Kiprusoff without a rebound.
6:54 of 3rd period - Jarome Iginla wins face-off versus Martin Erat in Flames zone.
6:58 of 3rd period - Minor Penalty to Andrew Ference for Hooking.
6:59 of 3rd period - David Legwand wins face-off versus Stephane Yelle in Flames zone.
9:24 of 3rd period - Shot by Paul Kariya.
9:24 of 3rd period - Deflect By Jeff Carter.
9:24 of 3rd period - Shot Misses the Net.
9:26 of 3rd period - Shot by Craig Rivet.
9:26 of 3rd period - Shot Blocked by Andrew Ference.
9:30 of 3rd period - Shot by Jeff Carter.
9:30 of 3rd period - Stopped by Miikka Kiprusoff without a rebound.
9:31 of 3rd period - Mike Johnson wins face-off versus Vernon Fiddler in Flames zone.
9:33 of 3rd period - Icing by Roman Hamrlik.
9:34 of 3rd period - Justin Williams wins face-off versus Stephane Yelle in Flames zone.
10:25 of 3rd period - Off-side.
10:26 of 3rd period - Bill Guerin wins face-off versus Jeff Carter in neutral zone.
10:33 of 3rd period - Shot by Bill Guerin.
10:33 of 3rd period - Shot Misses the Net.
10:35 of 3rd period - Shot by Kristian Huselius.
10:35 of 3rd period - Stopped by Chris Mason without a rebound.
10:36 of 3rd period - Derek Armstrong wins face-off versus Robert Lang in Predators zone.
10:36 of 3rd period - Derek Armstrong is hit by Shea Weber.
12:01 of 3rd period - Icing by Marek Svatos.
12:02 of 3rd period - Jordin Tootoo wins face-off versus Derek Armstrong in Flames zone.
12:06 of 3rd period - Icing by Andrew Ference.
12:07 of 3rd period - Derek Armstrong wins face-off versus David Legwand in Flames zone.
12:07 of 3rd period - Derek Armstrong is hit by Martin Erat.
12:15 of 3rd period - Icing by Martin Erat.
12:16 of 3rd period - David Legwand wins face-off versus Matthew Lombardi in Predators zone.
12:16 of 3rd period - David Legwand is hit by Matthew Lombardi.
14:09 of 3rd period - Shot by Jarome Iginla.
14:09 of 3rd period - Shot Misses the Net.
14:58 of 3rd period - Icing by Zbynek Michalek.
14:59 of 3rd period - Daymond Langkow wins face-off versus Jeff Carter in Predators zone.
15:57 of 3rd period - Shot by Bill Guerin.
15:57 of 3rd period - Stopped by Chris Mason with a rebound.
15:59 of 3rd period - Shot by Kristian Huselius.
15:59 of 3rd period - Stopped by Chris Mason without a rebound.
16:00 of 3rd period - Derek Armstrong wins face-off versus Vernon Fiddler in Predators zone.
16:41 of 3rd period - Shot by Patrick Eaves.
16:41 of 3rd period - Goal by Patrick Eaves - Predators : 6 - Flames : 5.
16:42 of 3rd period - Robert Lang wins face-off versus Marcus Nilson in neutral zone.
17:37 of 3rd period - Matthew Lombardi is hit by Shea Weber and loses puck.
17:59 of 3rd period - Icing by Jaroslav Modry.
18:00 of 3rd period - Matthew Lombardi wins face-off versus Vernon Fiddler in Flames zone.
18:13 of 3rd period - Shot by Justin Williams.
18:13 of 3rd period - Shot Misses the Net.
18:18 of 3rd period - Off-side.
18:19 of 3rd period - Derek Armstrong wins face-off versus Patrick Eaves in neutral zone.
18:33 of 3rd period - Derek Armstrong is hit by Derek Morris and loses puck.
19:17 of 3rd period - Flames, Miikka Kiprusoff is pulled from the net.


Output by the SimonT Hockey Simulator (STHS) for Stephane Roy -- Original Page W3C XHTML 1.0 Valid